 Dungeon Crawl Stone Soup version 0.28-a0-1506-g3893175d92 (webtiles) character file.

Game seed: 11058662868156988309

12 riojii the Covered (level 2, 25/27 HPs)
             Began as a Deep Dwarf Fighter on Jan 13, 2022.
             Was a Follower of Qazlal.
             Quit the game on level 1 of the Dungeon.
             The game lasted 00:00:27 (147 turns).

riojii the Covered (Deep Dwarf Fighter)              Turns: 147, Time: 00:00:27

Health: 25/27      AC:  6    Str: 19    XL:     2   Next: 20%
Magic:  2/2        EV:  9    Int:  8    God:    Qazlal [*.....]
Gold:   0          SH:  6    Dex: 12    Spells: 1/1 levels left

rFire   . . .      SeeInvis .   a - +0 war axe
rCold   . . .      Faith    .   c - +0 buckler
rNeg    . . .      Spirit   .   b - +0 scale mail
rPois   .          Reflect  .   (no helmet)
rElec   .          Harm     .   (no cloak)
rCorr   .          Rampage  .   (no gloves)
Will    .....                   (no boots)
Stlth   ..........              (no amulet)
HPRegen 0.00/turn               (no ring)
MPRegen 0.08/turn               (no ring)

@: no status effects
A: damage resistance, heal wounds, sense surroundings 1, no regeneration
a: Heal Wounds, Renounce Religion


You were on level 1 of the Dungeon.
You worshipped Qazlal.
Qazlal was aware of your devotion.
You visited 1 branch of the dungeon, and saw 1 of its levels.

Inventory:

Hand Weapons
 a - a +0 war axe (weapon)
Armour
 b - a +0 scale mail (worn)
 c - a +0 buckler (worn)
Scrolls
 f - a scroll of acquirement {unknown}
Potions
 d - 2 potions of might
 e - a potion of heal wounds {unknown}


   Skills:
 + Level 2.8 Fighting
 + Level 2.4 Axes
 + Level 3.5 Armour
 + Level 3.5 Shields


You had one spell level left.
You didn't know any spells.
Your spell library was empty.

Dungeon Overview and Level Annotations

Branches:
Dungeon (1/15)

Altars:
Qazlal


Innate Abilities, Weirdness & Mutations

You are resistant to damage.
You can heal yourself by infusing magical energy.
You passively map a small area around you.
You do not regenerate.


Message History

No target in view!
No target in view!
No target in view!
No target in view!
No target in view!
No target in view!
No target in view!
No target in view!
No target in view!
No target in view!
There is an open door here.
There is a faded altar of an unknown god here.
You open the door.
There is an open door here.
A dart slug comes into view.
The dart slug misses you.
You hit the dart slug.
The dart slug is heavily wounded.
The dart slug launches a dart at you.
The slug dart hits you but does no damage.
You hit the dart slug.
The dart slug is severely wounded.
The dart slug barely misses you.
You slash the dart slug!
You kill the dart slug!
No target in view!
No target in view!
No target in view!
No target in view!
No target in view!
No target in view!
No target in view!
There is an open door here.
There is a faded altar of an unknown god here.
You cannot tell which god this altar belongs to.
Convert to them anyway?
Qazlal accepts your prayer! Qazlal welcomes you!
Qazlal grants you and your divine allies immunity to clouds.
You are now surrounded by a storm.
Are you sure you want to abandon this character and quit the game? (Confirm with "yes".)

#.#* #.....# # #..
#.....# #######
##.# #.....#
#.†...# .# ##.####
#.###'# .# #.# #
#...# *.. #.#
#.#.#### #. #.###
+P8....## * #...#
#####.@.#######.#.#
* ##....8.'.#>#.# ,
####.#.#...#.#* * ,
#...#.#.........# ,
#'###.#.........# ,
,
,#....P#.........#
, ,
########........# ,
, , #..#.##### , ,
, #.>..# **


There were no monsters in sight!

Vanquished Creatures
  2 dart slugs (D:1)
  An endoplasm (D:1)
  2 giant cockroaches (D:1)
  A ball python (D:1)
  2 bats (D:1)
  A kobold (D:1)
9 creatures vanquished.

Vanquished Creatures (others)
  A fungus (D:1)
1 creature vanquished.

Grand Total: 10 creatures vanquished

Notes
Turn   | Place    | Note
-------+----------+-------------------------------------------
     0 | D:1      | riojii the Deep Dwarf Fighter began the quest for the Orb.
     0 | D:1      | Reached XP level 1. HP: 20/20 MP: 1/1
   100 | D:1      | Reached XP level 2. HP: 25/27 MP: 2/2
   103 | D:1      | Found a faded altar of an unknown god.
   146 | D:1      | Prayed at the altar of an unknown god.
   146 | D:1      | Became a worshipper of Qazlal Stormbringer
   146 | D:1      | Reached * piety under Qazlal
   147 | D:1      | Quit the game

Illustrated notes

Levels and vault maps discovered:
D:1:      dpeg_arrival_windows_large_door, layout_basic,
          shapermc_ecumenical_altar_ellora

Action                   || total
-------------------------++-------
Melee: War axe           ||    26
Armor: Scale mail        ||    16
Dodge: Dodged            ||    13
Block: Buckler           ||     2

Table legend: (Time is in decaauts)
 A = Elapsed time spent in this place.
 B = Non-inter-level travel time spent in this place.
 C = Inter-level travel time spent in this place.
 D = Time resting spent in this place.
 E = Time spent auto-exploring this place.
 F = Levels seen in this place.
 G = Mean time per level.
                   A        B        C        D        E       F      G
               +--------+--------+--------+--------+--------+-----+--------+
         Total |    158 |    158 |      0 |      0 |     85 |   1 |  158.0 |
       Dungeon |    158 |    158 |      0 |      0 |     85 |   1 |  158.0 |
               +--------+--------+--------+--------+--------+-----+--------+

Top non-repeatable levels by time:
     D:1: 158 daAuts
